Map: [EWC] Goldenaura

Players

Dark

  • Race: Zerg Zerg
  • Spawn Location: 5:00

Serral - Winner!

  • Race: Zerg Zerg
  • Spawn Location: 12:00

Event: Esports World Cup 2024

VOD

Have the link to the VOD?

Description

Time

  • Played on: Aug. 18, 2024, 7:11 a.m.
  • Length: 8:39

All games in this series

Show
View Real Time Build Order
Export as new Build Order

Dark Zerg 

Build Orders: Hatch First 

Get SALT Encoding   

  12  0:00  Drone  
  13  0:12  Overlord  
  13  0:17  Drone  
  14  0:31  Drone x2  
  16  0:47  Hatchery  
  15  0:52  Drone  
  15  0:54  Drone  
  17  0:57  Drone  
  18  1:08  Extractor  
  17  1:13  Spawning Pool  
  17  1:16  Drone  
  17  1:21  Drone  
  18  1:29  Drone  
  19  1:39  Drone  
  20  1:49  Drone  
  21  2:00  Queen x2  
  25  2:01  Overlord  
  25  2:02  Drone  
  26  2:08  Metabolic Boost  
  26  2:10  Drone  
  26  2:11  Drone  
  28  2:21  Drone  
  28  2:22  Drone  
  30  2:34  Hatchery  
  29  2:40  Zergling x4  
  31  2:47  Baneling Nest  
  31  2:49  Drone  
  31  2:51  Overlord  
  31  2:58  Queen  
  31  3:01  Drone  
  31  3:04  Drone  
  35  3:07  Drone  
  35  3:12  Drone x2  
  38  3:21  Drone, Overlord  
  38  3:23  Zergling x4  
  38  3:24  Zergling x2  
  38  3:26  Drone  
  43  3:40  Drone x4  
  47  3:43  Baneling  
  47  3:44  Drone x2  
  49  3:49  Roach Warren  
  48  3:57  Drone x7  
  48  4:01  Baneling  
  54  4:06  Lair  
  54  4:11  Drone x2  
  54  4:16  Extractor  
  55  4:17  Extractor  
  55  4:18  Drone x4  
  55  4:21  Overlord  
  55  4:23  Overlord  
  58  4:31  Overlord  
  58  4:34  Overlord  
  58  4:36  Extractor  
  58  4:37  Overlord  
  57  4:41  Drone x3  
  57  4:42  Roach x2  
  57  4:43  Roach x2  
  67  4:47  Roach  
  67  4:48  Roach  
  67  4:50  Drone x3  
  67  4:52  Extractor  
  73  4:55  Roach x2  
  73  4:56  Drone  
  78  5:03  Drone x3  
  80  5:07  Extractor  
  80  5:09  Spire  
  80  5:11  Drone x2  
  80  5:15  Evolution Chamber  
  80  5:16  Drone  
  80  5:17  Drone x3  
  80  5:20  Drone x2  
  85  5:37  Drone x3  
  85  5:39  Overlord  
  85  5:40  Overlord x2  
  88  5:43  Zerg Missile Weapons Level 1  
  88  5:47  Drone x2  
  90  5:52  Roach x2  
  90  5:53  Overlord x2, Roach x2  
  90  5:54  Overlord  
  98  5:57  Overlord  
  98  6:08  Overlord x2  
  98  6:10  Roach x2  
  102  6:20  Mutalisk x5  
  102  6:25  Roach x4  
  120  6:28  Roach x3  
  126  6:36  Roach x2  
  126  6:37  Hatchery, Roach  
  126  6:39  Glial Reconstitution  
  131  6:42  Ravager x3  
  131  6:45  Roach x2  
  131  6:46  Roach  
  140  6:47  Ravager  
  140  6:54  Roach x4  
  149  6:55  Ravager  
  149  6:56  Roach  
  149  6:58  Roach  
  154  7:02  Roach x2  
  154  7:03  Roach  
  154  7:05  Roach  
  162  7:10  Overlord  
  162  7:13  Overlord  
  162  7:14  Overlord  
  162  7:16  Overlord  
  162  7:18  Overlord x3  
  162  7:21  Overlord x2  
  162  7:23  Overlord  
  162  7:35  Roach x8  
  174  7:42  Roach  
  174  7:43  Roach  
  173  7:45  Roach  
  173  7:48  Roach  
  173  7:49  Roach  
  154  7:52  Queen x2  
  154  7:53  Roach  
  154  7:54  Roach  
  154  7:57  Roach  
  143  8:01  Roach  
  143  8:03  Roach x2  
  141  8:09  Roach  
  141  8:10  Roach x2  
  124  8:20  Roach  
Show
View Real Time Build Order
Export as new Build Order

Serral Zerg - Winner!

Build Orders: Hatch First 

Get SALT Encoding   

  12  0:00  Drone  
  13  0:12  Overlord  
  13  0:17  Drone  
  14  0:31  Drone x2  
  16  0:47  Hatchery  
  15  0:52  Drone  
  15  0:55  Drone  
  17  0:58  Drone  
  18  1:09  Extractor  
  17  1:14  Spawning Pool  
  17  1:17  Drone  
  17  1:20  Drone  
  18  1:27  Drone  
  19  1:38  Drone  
  20  1:49  Drone  
  21  2:00  Queen  
  21  2:01  Zergling x2, Queen  
  25  2:02  Overlord  
  26  2:09  Metabolic Boost  
  26  2:10  Drone  
  26  2:12  Drone  
  28  2:22  Drone x2  
  30  2:35  Hatchery  
  29  2:37  Drone  
  29  2:39  Drone  
  29  2:43  Drone  
  32  2:48  Baneling Nest  
  31  2:51  Overlord  
  31  2:54  Drone  
  31  2:56  Zergling x2  
  33  3:04  Drone  
  33  3:05  Drone  
  35  3:08  Drone  
  35  3:10  Drone x2  
  35  3:11  Zergling x4  
  40  3:14  Zergling x2  
  40  3:18  Overlord  
  41  3:23  Drone  
  41  3:25  Queen  
  44  3:33  Roach Warren  
  43  3:34  Drone  
  43  3:37  Zergling x2  
  43  3:40  Drone  
  46  3:41  Drone x2  
  46  3:43  Drone  
  46  3:44  Drone  
  46  3:48  Drone x2  
  52  3:52  Extractor  
  52  3:53  Overlord  
  52  3:54  Drone  
  52  3:57  Drone  
  52  3:58  Drone  
  52  4:02  Drone  
  54  4:07  Overlord  
  54  4:08  Drone  
  55  4:15  Drone x3  
  55  4:16  Drone  
  55  4:17  Drone  
  60  4:20  Drone  
  60  4:23  Lair  
  61  4:26  Drone, Extractor  
  61  4:27  Evolution Chamber  
  61  4:31  Zergling x2  
  60  4:33  Drone  
  60  4:35  Drone x2, Overlord  
  63  4:44  Drone  
  68  4:45  Roach x2  
  68  4:47  Overlord  
  68  4:51  Baneling, Extractor  
  68  4:52  Extractor  
  67  4:56  Drone x3  
  67  4:57  Drone x4  
  73  5:00  Zerg Missile Weapons Level 1  
  73  5:04  Overlord  
  73  5:07  Roach x4  
  73  5:11  Spine Crawler, Roach x2  
  84  5:16  Roach  
  84  5:17  Extractor  
  84  5:21  Roach x2  
  89  5:22  Roach  
  89  5:23  Evolution Chamber x2  
  90  5:28  Overseer, Overlord  
  90  5:29  Glial Reconstitution  
  90  5:33  Roach x3  
  97  5:36  Overlord  
  97  5:37  Overlord  
  97  5:38  Overlord  
  98  5:46  Queen x3  
  104  5:51  Overlord  
  104  5:56  Roach x6  
  116  6:02  Roach x4  
  124  6:07  Overlord x2  
  124  6:08  Overlord  
  124  6:15  Roach x2  
  124  6:16  Extractor, Roach  
  129  6:19  Roach x2  
  129  6:21  Roach  
  129  6:22  Pneumatized Carapace  
  135  6:28  Overlord  
  135  6:29  Roach x3  
  141  6:37  Roach x5  
  151  6:45  Spore Crawler x2  
  151  6:46  Spore Crawler  
  148  6:48  Roach x3  
  154  6:57  Overlord  
  154  6:58  Ravager x3  
  154  7:00  Roach  
  159  7:03  Overlord x3  
  159  7:04  Overlord  
  159  7:19  Overlord  
  159  7:23  Roach x9  
  159  7:26  Ravager  
  178  7:35  Roach x4  
  174  7:47  Roach  
  174  7:48  Roach x4  
  174  7:50  Roach  
  161  7:53  Roach  
  161  7:57  Roach  
  148  8:02  Roach  
  148  8:03  Queen x3  
  150  8:08  Roach  
  150  8:09  Ravager  
  150  8:11  Roach x2  
  147  8:16  Roach  
  147  8:19  Roach  
Tags
 
Add a new tag
Caveats
  • Supply blocks, unpowered buildings, or Contaminate may cause inaccurate times.
  • Supply counts are checked every 10 seconds.